Zazza, neutral female human Tourist ------------- |...........| |...........| |......<....| ----.-.-+---- `####### # f #f@# # Zazza the Rambler Experience level: 2 Strength: 14 Dexterity: 9 Constitution: 13 Intelligence: 15 Wisdom: 9 Charisma: 18 Health: 0(26) Energy: 7(7) Def: 3 Gold: 1494 Moves: 3178 Dungeon seed: cuNcXDBrZnzqiGxY Game ID: Zazza_1574502618 Your Inventory: Coins $ - 1494 gold pieces Weapons a - 36 +2 darts (in quiver) D - 3 +0 orcish daggers (wielded) E - a +0 sling H - a +0 aklys K - a +0 sling Armor e - an uncursed +0 Hawaiian shirt (being worn) z - a cursed -1 pair of levitation boots N - an uncursed +1 dwarvish iron helm (being worn) Y - an uncursed +0 orcish helm Comestibles b - an uncursed tripe ration h - an uncursed clove of garlic i - an uncursed slime mold k - 3 uncursed food rations G - an uncursed egg Scrolls m - 3 uncursed scrolls of magic mapping p - an uncursed scroll of food detection F - an uncursed scroll of teleportation R - an uncursed scroll of create monster Potions t - an uncursed potion of confusion w - an uncursed potion of monster detection Wands I - a blessed wand of secret door detection (0:12) Tools n - an expensive camera (0:43) o - an uncursed credit card Gems q - an uncursed worthless piece of blue glass r - an uncursed worthless piece of violet glass y - an uncursed worthless piece of yellow glass Spells and supernatural/magical abilities: Name Level Category Fail Memory h - healing 1 healing 46% 97% W - pray for help -- divine ? -- Your skills at the end: Fighting Skills Weapon Skills dart [Basic] Spellcasting Skills Final Attributes: You were aligned. You are dead. Vanquished creatures: a shrieker 3 giant ants 3 floating eyes a homunculus a rabid rat a wererat a werejackal 3 iguanas an acid blob a gas spore 2 hobbits 3 manes a large kobold a brown mold 2 geckos 11 jackals 4 foxes a kobold 3 goblins 5 grid bugs a bat 5 lichens a kobold zombie 3 newts 59 creatures vanquished. Voluntary challenges: You had been an atheist until turn 2085. You used a wielded weapon 14 times, starting on turn 1574. You read items or engraved 6 times, starting on turn 576. You never genocided any monsters. You never polymorphed an object. You never changed form. You used no wishes. You never split a pudding. You never wrote Elbereth's name. You never violated your personal moral code. Dungeon overview: The Dungeons of Doom: levels 1 to 7 Level 1 a fountain a long staircase Level 2 a long staircase Level 3 Level 4 a fountain Level 5 a scroll shop, an altar to The Lady, a fountain Level 6 Level 7 <- You were here History has recorded: On T:1 you entered the Dungeons of Doom to retrieve the Amulet of Yendor! On T:403 you reached level 2 of The Dungeons of Doom. On T:903 you reached level 3 of The Dungeons of Doom. On T:1401 you reached level 4 of The Dungeons of Doom. On T:1768 you reached level 5 of The Dungeons of Doom. On T:2693 you advanced to experience level 2. On T:2727 you reached level 6 of The Dungeons of Doom. On T:3152 you reached level 7 of The Dungeons of Doom. Score breakdown: Gold: 926 (10092 points) Experience: 2 levels ( 5570 points) Exploration: 7 levels ( 15.56%) (11078 points) Discoveries: 6 items ( 2.01%) ( 4256 points) Valuables value: (no points given unless you survive) Artifact value: 0 ( 0 points) Variety of kills: 24 monsters ( 6.30%) ( 7529 points) Turncount: 3178 turns ( -685 points) Survival: died (score multiplied by 80%) Total score: 30272 Latest messages: The giant bat bites! (2x) You hit the giant bat. The giant bat bites! (2x) You displace Armand. You hear some noises. You displace Armand. You stop. Your kitten is in the way! You displace Armand. You displace your kitten. Armand bites the gecko. The gecko misses Armand. You displace Armand. You see here a cram ration. T - a cram ration. This cram ration is bland. You finish eating the cram ration. You displace your kitten. You displace Armand. You try to move the boulder, but in vain. (2x) You displace Armand. Armand bites the gas spore. The gas spore is killed! Armand is caught in the gas spore's explosion! You are caught in the gas spore's explosion! Final status: Aloha Zazza the Tourist, killed by a gas spore's explosion... You died in The Dungeons of Doom on dungeon level 7 with 30272 points, and 1494 pieces of gold, after 3178 moves. You were level 2 with a maximum of 26 hit points when you died.